 Dungeon Crawl Stone Soup version 0.22.0-49-gab54619 (webtiles) character file.

280 LewisDoom the Skirmisher (level 6, 0/48 HPs)
             Began as a Demonspawn Abyssal Knight on Sept 4, 2018.
             Was a Believer of Lugonu.
             Succumbed to a worker ant's poison
             ... on level 4 of the Dungeon.
             The game lasted 00:16:30 (4053 turns).

LewisDoom the Skirmisher (DsAK)                     Turns: 4053, Time: 00:16:31

Health: 0/48       AC:  9    Str: 14    XL:     6   Next: 5%
Magic:  8/8        EV: 13    Int: 13    God:    Lugonu [**....]
Gold:   122        SH:  0    Dex: 13    Spells: 5/5 levels left

rFire    . . .     SeeInvis .   a - +1 mace
rCold    . . .     Gourm    .   (no shield)
rNeg     . . .     Faith    .   m - +0 ring mail
rPois    .         Spirit   .   d - +0 helmet
rElec    .         Reflect  .   (no cloak)
rCorr    .         Harm     .   u - +0 pair of gloves
MR       .....                  (no boots)
Stlth    +.........             (no amulet)
HPRegen  0.16/turn              l - +2 ring of evasion
MPRegen  0.11/turn              (no ring)

@: lethally poisoned (0 -> -3)
A: talons 2, iridescent scales 1
a: Depart the Abyss, Bend Space, Renounce Religion


You were on level 4 of the Dungeon.
You worshipped Lugonu.
Lugonu was pleased with you.
You were not hungry.

You visited 1 branch of the dungeon, and saw 4 of its levels.
You visited the Abyss 1 time.

You collected 122 gold pieces.

Inventory:

Hand Weapons
 a - a +1 mace (weapon)
 p - a +0 flail
Armour
 b - a +0 leather armour
 d - a +0 helmet (worn)
 m - a +0 ring mail (worn)
 u - a +0 pair of gloves (worn)
Jewellery
 l - a +2 ring of evasion (left hand)
Scrolls
 e - 2 scrolls of amnesia {unknown}
 f - a scroll of remove curse {unknown}
 g - a scroll of noise {unknown}
 h - 2 scrolls of identify {unknown}
 i - 2 scrolls of fog {unknown}
 n - 2 scrolls of immolation {unknown}
 o - 2 scrolls of blinking {unknown}
 t - a scroll of enchant weapon {unknown}
Potions
 j - a potion of heal wounds {unknown}
 k - a potion of degeneration {unknown}
 r - a potion of flight {unknown}
 s - a potion of berserk rage {unknown}
Comestibles
 c - 6 rations
 q - 2 chunks of flesh


   Skills:
 + Level 4.3 Fighting
 + Level 3.7 Maces & Flails
 + Level 3.0 Armour
 + Level 2.1 Dodging
 - Level 2.7 Invocations


You had 5 spell levels left.
You didn't know any spells.
Your spell library was empty.

Dungeon Overview and Level Annotations

Branches:
Dungeon (4/15)
 Temple: D:4-7

Altars:
Gozag
Hepliaklqana


Innate Abilities, Weirdness & Mutations

You have razor-sharp toenails.
You are partially covered in iridescent scales. (AC +2)


Message History

* * * LOW HITPOINT WARNING * * *
You feel sick. The ball python closely misses you. The ball python grabs you.
The ball python constricts you.
You escape the ball python's grasp.
The gnoll throws a stone.
The stone hits you.
* * * LOW HITPOINT WARNING * * *
The worker ant bites you but does no damage.
You see here a stone.
* * * LOW HITPOINT WARNING * * *
You feel sick.
* * * LOW HITPOINT WARNING * * *
You feel sick.
* * * LOW HITPOINT WARNING * * *
You feel sick.
* * * LOW HITPOINT WARNING * * *
You feel sick.
* * * LOW HITPOINT WARNING * * *
You feel sick. The worker ant closely misses you.
The ball python completely misses you. The ball python barely misses you.
You die...

#........(...#
#............#
#............#
#............# .
#........g...##..
#................
#.......aSg......
#................
####.....@.......
#.............
##..........##
#..........#
#<.........#
#..........#
########......#..$
#.............'...
#.............#.


You could see a worker ant, 2 gnolls and a ball python.

Vanquished Creatures
  2 orc wizards (D:2)
  5 gnolls
  8 adders
  An ooze (D:2)
  An adder skeleton (D:4)
  A worm (D:2)
  2 dart slugs (D:1)
  2 leopard geckos
  9 orcs
  3 ball pythons
  5 bats
  3 giant cockroaches
  10 goblins
  7 hobgoblins
  6 jackals
  6 frilled lizards
  10 kobolds
  7 rats
88 creatures vanquished.

Notes
Turn   | Place    | Note
-------+----------+-------------------------------------------
     0 | Abyss:1  | LewisDoom the Demonspawn Abyssal Knight began the quest for
                  | the Orb.
     0 | Abyss:1  | Reached XP level 1. HP: 18/18 MP: 2/2
     0 | D:1      | Escaped the Abyss
   428 | D:1      | Reached skill level 1 in Dodging
   428 | D:1      | Gained mutation: You have sharp toenails. [demonic
                  | ancestry]
   428 | D:1      | Reached XP level 2. HP: 20/24 MP: 3/3
   585 | D:1      | Reached * piety under Lugonu
   745 | D:1      | Reached XP level 3. HP: 23/29 MP: 5/5
  1607 | D:2      | Reached XP level 4. HP: 32/37 MP: 6/6
  1675 | D:2      | Reached skill level 4 in Fighting
  1941 | D:2      | Reached ** piety under Lugonu
  1971 | D:2      | Gained mutation: You have razor-sharp toenails. [demonic
                  | ancestry]
  1971 | D:2      | Reached XP level 5. HP: 18/42 MP: 7/7
  3445 | D:3      | Found an opulent altar of Gozag.
  3445 | D:3      | Found a hazy altar of Hepliaklqana.
  3450 | D:3      | HP: 1/42 [orc priest/divine providence (16)]
  4035 | D:4      | Gained mutation: You are partially covered in iridescent
                  | scales. (AC +2) [demonic ancestry]
  4035 | D:4      | Reached XP level 6. HP: 33/48 MP: 8/8
  4050 | D:4      | HP: 2/48 [poisoned by a worker ant]
  4053 | D:4      | Succumbed to a worker ant's poison

Skill      XL: |  1  2  3  4  5 |
---------------+----------------+-----
Dodging        | 1 2 |  2.1
Armour         | 2 3 |  3.0
Maces & Flails | 2 3 |  3.7
Fighting       | 4 |  4.3
Invocations    | |  2.7

Action                   |  1- 3 |  4- 6 || total
-------------------------+-------+-------++-------
Melee: Mace              |   119 |   153 ||   272
       Kick              |    25 |    35 ||    60
Invok: Depart the Abyss  |     1 |       ||     1
       Bend Space        |       |     1 ||     1
  Eat: Chunk             |     2 |     8 ||    10
Armor: Leather armour    |    45 |     4 ||    49
       Ring mail         |       |    49 ||    49
Dodge: Dodged            |   100 |   125 ||   225
